 Dungeon Crawl Stone Soup version 0.20.0-15-g7f486f2 (webtiles) character file.

81 Zachthehappycat the Sneak (level 4, -2/29 HPs)
             Began as an Octopode Assassin on June 28, 2017.
             Was an Initiate of Ru.
             Slain by an orc
             ... wielding a +0 falchion
              (6 damage)
             ... on level 3 of the Dungeon.
             The game lasted 00:14:20 (2068 turns).

Zachthehappycat the Sneak (Octopode Assassin)       Turns: 2068, Time: 00:14:21

Health: -2/29      AC:  1    Str: 10    XL:     4   Next: 40%
Magic:  4/4        EV: 13    Int: 13    God:    Ru [......]
Gold:   124        SH:  0    Dex: 14    Spells: 3/3 levels left

rFire    . . .     SeeInvis .   a - +2 dagger
rCold    . . .     Gourm    .   (no shield)
rNeg     . . .     Faith    .   (helmet restricted)
rPois    .         Spirit   .   (no amulet)
rElec    .         Reflect  .   (no ring)
rCorr    .         Harm     .   (no ring)
MR       .....                  (no ring)
Stlth    +++++.....             (no ring)
Regen    0.1/turn               (no ring)
MPRegen  0.1/turn               (no ring)
                                (no ring)
                                (no ring)

@: no status effects
A: almost no armour, stealthy swim, amphibious, 8 rings, constrict 8, camouflage
1, gelatinous body 1
a: Renounce Religion


You were on level 3 of the Dungeon.
You worshipped Ru.
Ru was noncommittal.
You were not hungry.

You visited 1 branch of the dungeon, and saw 3 of its levels.

You collected 124 gold pieces.

Inventory:

Hand Weapons
 a - a +2 dagger (weapon)
 b - a +0 blowgun
Missiles
 c - 6 poisoned needles
 d - 2 curare-tipped needles
 h - 21 bolts
 k - 127 stones (quivered)
 p - 12 arrows
Armour
 e - a +1 leather armour
 u - a +0 leather armour
Wands
 q - a wand of disintegration (11/24)
Scrolls
 m - a scroll of enchant armour
 n - a scroll of fear {unknown}
 o - a scroll of blinking {unknown}
 r - 2 scrolls of teleportation {unknown}
 s - a scroll of remove curse {unknown}
Potions
 i - a potion of lignification {unknown}
 j - a potion of curing {unknown}
 t - a potion of might {unknown}
Comestibles
 f - 2 bread rations
 g - 6 chunks of flesh
 l - a meat ration


   Skills:
 + Level 2.1 Fighting
 + Level 2.4 Short Blades
 + Level 2.3 Throwing
 + Level 1.3 Dodging
 + Level 7.2 Stealth


You had 3 spell levels left.
You didn't know any spells.

Dungeon Overview and Level Annotations

Branches:
Dungeon (3/15)

Altars:
Ru
Vehumet
Zin


Innate Abilities, Weirdness & Mutations

You cannot wear most types of armour.
You are very stealthy in the water. (Stealth+)
You are amphibious.
You can wear up to eight rings at the same time.
You can use your tentacles to constrict eight enemies at once.
Your skin changes colour to match your surroundings (Stealth+).
Your rubbery body absorbs attacks. (AC +1, EV +1)


Message History

The orc hits you with a falchion.
You hit the orc.
The orc is severely wounded.
You constrict the orc, but do no damage.
The orc closely misses you.
You barely miss the orc.
The orc is severely wounded.
You constrict the orc, but do no damage.
The orc wizard shouts!
The orc priest shouts!
You hear a shout!
The orc hits you with a falchion. The orc wizard casts a spell at you.
The magic dart hits you!
* * * LOW HITPOINT WARNING * * *
You hear a shout!
As you read the scroll labeled GAUGEZX BEPPU, it crumbles to dust.
It is a scroll of enchant armour.
Your leather armour glows green for a moment.
You constrict the orc, but do no damage.
The orc hits you with a falchion.
You die...

#.# ##.## #...# #...#
#...# #####...#####
..##o###o..........####.
.....o!@................
..##.###...........#####
#####...##### #...#
#...# ###...###
#..<....# #.##.##.#
#.##.##.#


You could see an orc priest, an orc wizard and an orc.

Vanquished Creatures
  A gnoll (D:1)
  An adder (D:2)
  A worm (D:2)
  2 dart slugs
  2 leopard geckos
  8 bats
  2 giant cockroaches (D:1)
  6 goblins
  10 hobgoblins
  A quokka (D:3)
  3 frilled lizards
  5 kobolds (D:2)
  8 rats
  A plant (D:2)
51 creatures vanquished.

Notes
Turn   | Place    | Note
-------+----------+-------------------------------------------
     0 | D:1      | Zachthehappycat the Octopode Assassin began the quest for the Orb.
     0 | D:1      | Reached XP level 1. HP: 14/14 MP: 1/1
    92 | D:1      | Reached XP level 2. HP: 17/19 MP: 2/2
   328 | D:1      | Reached skill level 6 in Stealth
   480 | D:1      | Reached XP level 3. HP: 24/24 MP: 3/3
   901 | D:2      | Found a sacrificial altar of Ru.
   901 | D:2      | Found a glowing silver altar of Zin.
   901 | D:2      | Found a radiant altar of Vehumet.
   904 | D:2      | Became a worshipper of Ru the Awakened
  1443 | D:2      | Reached skill level 7 in Stealth
  1447 | D:2      | Reached XP level 4. HP: 24/29 MP: 4/4
  2068 | D:3      | Slain by an orc

Skill      XL: |  1  2  3 |
---------------+----------+-----
Stealth        | 6 7 |  7.2
Fighting       | |  2.1
Short Blades   | |  2.4
Throwing       | |  2.3
Dodging        | |  1.3

Action                   |  1- 3 |  4- 6 || total
-------------------------+-------+-------++-------
Melee: Dagger            |    80 |    31 ||   111
       Constrict         |    17 |     7 ||    24
       Tentacles         |    17 |     1 ||    18
       Blowgun           |       |     1 ||     1
 Fire: Blowgun           |       |    12 ||    12
  Use: Scroll            |       |     1 ||     1
 Stab: Sleeping          |    14 |     4 ||    18
  Eat: Meat ration       |     1 |       ||     1
       Chunk             |     1 |       ||     1
Armor: Skin              |     4 |     6 ||    10
Dodge: Dodged            |    31 |    32 ||    63
